 Dungeon Crawl Stone Soup version 0.28.0-53-g5a82cb258f (webtiles) character file.

Game seed: 8076840877364647848

11772 cbfl8 the Severer (level 11, -5/100 HPs)
             Began as a Hill Orc Fighter on Sept 14, 2022.
             Was a Priest of Beogh.
             Slain by a ten-headed hydra (10 damage)
             ... on level 11 of the Dungeon.
             The game lasted 00:16:03 (12038 turns).

cbfl8 the Severer (Hill Orc Fighter)               Turns: 12038, Time: 00:16:04

Health: -5/100     AC: 16    Str: 20    XL:     11   Next: 83%
Magic:  11/11      EV: 10    Int:  8    God:    Beogh [***...]
Gold:   861        SH:  0    Dex: 16    Spells: 10/10 levels left

rFire   . . .      SeeInvis +   a - +0 war axe
rCold   . . .      Faith    .   d - orb {*Rage}
rNeg    . . .      Spirit   .   q - +0 chain mail
rPois   .          Reflect  .   (no helmet)
rElec   .          Harm     .   s - +0 cloak
rCorr   +          Rampage  +   (no gloves)
Will    .....      Rage     20% (no boots)
Stlth   ..........              c - amulet of Xygeiss {Rampage Regen+ rCorr Dex+2}
HPRegen 1.06/turn               r - +4 ring of protection
MPRegen 0.12/turn               y - ring of see invisible

@: on berserk cooldown, slowed, very slow
A: no striking features
a: Renounce Religion, Smiting


You were on level 11 of the Dungeon.
You worshipped Beogh.
Beogh was most pleased with you.
You visited 1 branch of the dungeon, and saw 11 of its levels.

You collected 861 gold pieces.

Inventory:

Hand Weapons
 a - a +0 war axe (weapon)
 G - a +0 battleaxe
Missiles
 B - a throwing net
Armour
 d - an orb of wrath (worn)
 q - a +0 chain mail (worn)
 s - a +0 cloak (worn)
Jewellery
 c - the amulet of Xygeiss (around neck) {Rampage Regen+ rCorr Dex+2}
   (You acquired it on level 8 of the Dungeon)

   [amulet of regeneration]

   Dex:       It affects your dexterity (+2).
   Regen:     It increases your rate of health regeneration.
   rCorr:     It protects you from acid and corrosion.
   Rampage:   It bestows one free step when moving towards enemies.
 i - a +4 ring of slaying
 m - a +6 ring of strength
 r - a +4 ring of protection (left hand)
 t - the amulet "Moefum" {Regen+ rCorr Str+3 Dex+3}
   (You found it on level 5 of the Dungeon)

   [amulet of regeneration]

   Str:       It affects your strength (+3).
   Dex:       It affects your dexterity (+3).
   Regen:     It increases your rate of health regeneration.
   rCorr:     It protects you from acid and corrosion.
 y - a ring of see invisible (right hand)
 D - a ring of positive energy
 E - a ring of flight
 I - a +4 ring of protection
Wands
 n - a wand of flame (12)
 F - a wand of digging (4)
Scrolls
 b - 4 scrolls of enchant weapon
 e - 2 scrolls of enchant armour
 h - 4 scrolls of fear
 j - a scroll of vulnerability
 k - 2 scrolls of blinking
 p - a scroll of teleportation
 u - 2 scrolls of noise
 z - 4 scrolls of magic mapping
 A - a scroll of amnesia {unknown}
 H - a scroll of identify
Potions
 f - a potion of ambrosia {unknown}
 g - 4 potions of curing {unknown}
 l - 3 potions of lignification
 o - 4 potions of attraction {unknown}
 v - 2 potions of haste {unknown}
 w - 2 potions of mutation {unknown}
 C - 3 potions of cancellation {unknown}


   Skills:
 * Level 10.2 Fighting
 * Level 15.7 Axes
 + Level 8.0 Armour
 * Level 5.2 Dodging
 + Level 0.6 Stealth
 + Level 4.3 Shields
 * Level 6.3 Evocations


You had 10 spell levels left.
You didn't know any spells.
Your spell library contained the following spells:

 Spells                   Type           Power      Damage    Failure   Level
 Magic Dart               Conj           0%         1d3       98%         1
 Summon Small Mammal      Summ           0%         N/A       98%         1
 Corpse Rot               Necr/Air       0%         N/A       99%         2
 Searing Ray              Conj           0%         2d4       99%         2
 Call Canine Familiar     Summ           0%         N/A       100%        3
 Gell's Gravitas          Tloc           0%         N/A       100%        3
 Lesser Beckoning         Tloc           0%         N/A       100%        3
 Summon Guardian Golem    Hex/Summ       0%         N/A       100%        3
 Teleport Other           Tloc           0%         N/A       100%        3
 Cause Fear               Hex            0%         N/A       100%        4
 Dispel Undead            Necr           0%         3d6       100%        4
 Fulminant Prism          Conj/Hex       0%         3d6       100%        4
 Death Channel            Necr           0%         N/A       100%        6
 Dragon Form              Tmut           0%         N/A       100%        7
 Dragon's Call            Summ           0%         N/A       100%        9


Dungeon Overview and Level Annotations

Branches:
Dungeon (11/15)            Temple (0/1) D:7            Lair (0/6) D:11
    Orc (0/2) D:10

Altars:
Ashenzari
Elyvilon
Fedhas
Gozag
Hepliaklqana
Qazlal
Trog
Uskayaw
Vehumet
Wu Jian
The Shining One

Shops:
D:7 =*   D:11 *

Portals:
Abyss: D:8

Annotations:
D:7 2 transporters, Dillybarz's ghost, novice MiBe
D:8 2 transporters, Chadd's ghost, novice MiBe


Message History

The six-headed hydra grows two more!
You slice the eight-headed hydra!!
The eight-headed hydra is moderately wounded.
The eight-headed hydra bites you.
The eight-headed hydra bites you but does no damage.
The eight-headed hydra barely misses you. x3
The eight-headed hydra bites you.
The eight-headed hydra barely misses you. x2
You chop one of the eight-headed hydra's heads off!
The seven-headed hydra grows two more!
You slash the nine-headed hydra!
The nine-headed hydra is moderately wounded.
Unknown command.
Unknown command.
You hack one of the nine-headed hydra's heads off!
The eight-headed hydra grows two more!
You hit the ten-headed hydra.
The ten-headed hydra is lightly wounded.
The ten-headed hydra bites you!
* * * LOW HITPOINT WARNING * * *
The ten-headed hydra bites you but does no damage. x2
The ten-headed hydra bites you!
* * * LOW HITPOINT WARNING * * *
The ten-headed hydra bites you!
* * * LOW HITPOINT WARNING * * *
The ten-headed hydra barely misses you. x2; The ten-headed hydra bites you.
* * * LOW HITPOINT WARNING * * *
The ten-headed hydra bites you but does no damage. x2
Items here: )) [ ÷.
You feel a strong urge to attack something.
Items here: $ ))) [ ÷.
You are no longer berserk.
You are exhausted.
You feel as though you will be slow longer.
Items here: ( ))) [[ †.
The ten-headed hydra misses you.
The ten-headed hydra closely misses you.
The ten-headed hydra bites you.
* * * LOW HITPOINT WARNING * * *
The ten-headed hydra bites you!
* * * LOW HITPOINT WARNING * * *
The ten-headed hydra barely misses you. The ten-headed hydra bites you!
You die...

#.......<...# #.#
#######'##### #o#### .K.#
#o...# # ..#### ####.#
#.##### #.# .......
#.########## .......
##...........
......)#########..##########
........))D@......#
.......##########.# .......
#.# ....... #.# ####### #.#
#.# #.# ##.###### #.o.....#


You could see a ten-headed hydra.

Vanquished Creatures
  2 manticores
  2 cyclopes
  Maurice (D:9)
  Joseph (D:9)
  Maggie (D:6)
  A freezing wraith (D:11)
  3 trolls
  A hornet (D:9)
  Sigmund (D:4)
  A wraith (D:10)
  A vampire (D:9)
  4 wyverns
  11 yaks
  A basilisk (D:11)
  A steam dragon (D:8)
  An acid dragon (D:9)
  2 water moccasins
  5 orc warriors
  2 sky beasts
  3 ogres
  A necrophage (D:8)
  7 centaurs
  A phantom (D:4)
  Blork the orc (D:4)
  A kobold brigand (D:8)
  A bullfrog (D:7)
  6 scorpions
  A wyvern skeleton (D:7)
  A water moccasin skeleton (D:6)
  5 howler monkeys
  4 wights (D:8)
  A crimson imp (D:8)
  3 centaur zombies
  A bullfrog zombie (D:5)
  3 hounds
  3 orc priests
  A gnoll shaman (D:7)
  7 orc wizards
  3 killer bee zombies
  A howler monkey zombie (D:8)
  7 gnolls
  5 adders
  3 white imps
  2 ufetubi
  A worm (D:2)
  3 dart slugs
  43 orcs
  4 bats
  6 endoplasms
  6 giant cockroaches
  8 goblins
  13 hobgoblins
  6 jackals
  5 quokkas
  7 ball pythons
  A frilled lizard (D:2)
  14 kobolds
  4 rats
235 creatures vanquished.

Vanquished Creatures (collateral kills)
  A death knight (D:11)
  2 centaur zombies
  A freezing wraith (D:11)
  A water moccasin (D:11)
  An orc priest (D:11)
  An orc (D:10)
  A kobold (D:11)
8 creatures vanquished.

Vanquished Creatures (others)
  2 orc knights (D:11)
  3 orc warriors (D:11)
  An orc priest (D:11)
  An orc wizard (D:11)
  An iguana (D:5)
  3 orcs
  5 fungi
  10 plants (D:11)
26 creatures vanquished.

Grand Total: 269 creatures vanquished

Notes
Turn   | Place    | Note
-------+----------+-------------------------------------------
     0 | D:1      | cbfl8 the Hill Orc Fighter began the quest for the Orb.
     0 | D:1      | Reached XP level 1. HP: 19/19 MP: 1/1
   128 | D:1      | Reached XP level 2. HP: 27/27 MP: 2/2
   345 | D:1      | Noticed a floating eye
   350 | D:1      | Reached skill level 3 in Axes
   396 | D:1      | Found a faded altar of an unknown god.
   504 | D:1      | Noticed a shining eye
   571 | D:1      | Noticed a golden eye
   575 | D:1      | Noticed an eye of devastation
   665 | D:1      | Reached XP level 3. HP: 33/33 MP: 3/3
  1648 | D:2      | Reached skill level 4 in Axes
  1737 | D:2      | Reached XP level 4. HP: 40/40 MP: 4/4
  2616 | D:3      | Noticed a scorpion
  2622 | D:3      | Killed a scorpion
  2623 | D:3      | Reached skill level 5 in Axes
  2623 | D:3      | Reached skill level 1 in Dodging
  2623 | D:3      | Reached XP level 5. HP: 47/47 MP: 5/5
  2876 | D:3      | Reached skill level 1 in Evocations
  3029 | D:4      | Noticed Blork the orc
  3384 | D:4      | Killed Blork the orc
  3385 | D:4      | Reached XP level 6. HP: 39/53 MP: 6/6
  3718 | D:4      | Reached skill level 6 in Axes
  3871 | D:4      | Found a white marble altar of Elyvilon.
  3990 | D:4      | Noticed Sigmund
  4016 | D:4      | Killed Sigmund
  4017 | D:4      | Reached XP level 7. HP: 24/60 MP: 7/7
  4307 | D:4      | Reached skill level 7 in Axes
  5258 | D:5      | Entered Level 5 of the Dungeon
  5285 | D:5      | Identified the amulet "Moefum" {Regen+ rCorr Str+3 Dex+3}
  5405 | D:5      | Found an ornate altar of the Wu Jian Council.
  5407 | D:5      | Became a worshipper of Beogh the Brigand
  5427 | D:5      | Reached skill level 5 in Fighting
  5465 | D:5      | Found a radiant altar of Vehumet.
  5538 | D:5      | Reached XP level 8. HP: 33/68 MP: 8/8
  5707 | D:5      | Reached skill level 8 in Axes
  6032 | D:5      | Found a hazy altar of Hepliaklqana.
  6416 | D:6      | Reached skill level 9 in Axes
  6416 | D:6      | Reached skill level 5 in Armour
  6693 | D:6      | Found a stormy altar of Qazlal.
  6694 | D:6      | Noticed Maggie
  6805 | D:6      | Reached * piety under Beogh
  6890 | D:6      | Killed Maggie
  6891 | D:6      | Reached skill level 10 in Axes
  6891 | D:6      | Reached XP level 9. HP: 77/77 MP: 9/9
  6973 | D:6      | Found a glowing golden altar of the Shining One.
  7144 | D:7      | Found a staircase to the Ecumenical Temple.
  7387 | D:7      | Found Konkeof's Mayhem Merchandise.
  7428 | D:7      | Reached skill level 11 in Axes
  7555 | D:7      | Found a transporter.
  7557 | D:7      | Noticed a two-headed ogre
  7557 | D:7      | Noticed Dillybarz's ghost (novice MiBe)
  7569 | D:7      | Found Yrumusal's Jewellery Shoppe.
  7585 | D:7      | Noticed a moth of wrath
  7605 | D:7      | Found a transporter.
  7695 | D:7      | Found a bloodstained altar of Trog.
  7967 | D:7      | Noticed a troll
  7972 | D:7      | Killed a troll
  8157 | D:8      | Found an opulent altar of Gozag.
  8202 | D:8      | Reached ** piety under Beogh
  8426 | D:8      | Found a one-way gate to the infinite horrors of the Abyss.
  8426 | D:8      | Noticed an ancient zyme
  8426 | D:8      | Noticed Chadd's ghost (novice MiBe)
  8430 | D:8      | Found a transporter.
  8446 | D:8      | Found a transporter.
  8573 | D:8      | Reached skill level 12 in Axes
  8628 | D:8      | Found a blossoming altar of Fedhas.
  8942 | D:8      | Reached XP level 10. HP: 86/86 MP: 10/10
  9173 | D:8      | Identified a scroll of acquirement
  9175 | D:8      | Acquired the amulet of Xygeiss {Rampage Regen+ rCorr Dex+2}
  9199 | D:9      | Noticed Maurice
  9216 | D:9      | Killed Maurice
  9217 | D:9      | Reached skill level 5 in Evocations
  9510 | D:9      | Found a broken altar of Ashenzari.
  9549 | D:9      | Reached skill level 13 in Axes
  9562 | D:9      | Paralysed by a hornet for 3 turns
  9700 | D:9      | Noticed Joseph
  9708 | D:9      | Killed Joseph
  9708 | D:9      | Reached *** piety under Beogh
 10249 | D:10     | Entered Level 10 of the Dungeon
 10274 | D:10     | Found a staircase to the Orcish Mines.
 10385 | D:10     | Found a hide-covered altar of Uskayaw.
 10719 | D:10     | Reached skill level 14 in Axes
 10719 | D:10     | Reached XP level 11. HP: 67/95 MP: 11/11
 10914 | D:10     | Noticed a cyclops
 10914 | D:10     | Noticed a manticore
 10927 | D:10     | Killed a cyclops
 10930 | D:10     | Killed a manticore
 11344 | D:11     | Found a staircase to the Lair.
 11364 | D:11     | Reached skill level 15 in Axes
 11495 | D:11     | Noticed a cyclops
 11501 | D:11     | Killed a cyclops
 11502 | D:11     | Reached skill level 5 in Dodging
 11562 | D:11     | Noticed a manticore
 11570 | D:11     | Killed a manticore
 11762 | D:11     | Noticed a death knight
 11762 | D:11     | Noticed a skeletal warrior
 11778 | D:11     | Killed a death knight
 11779 | D:11     | Reached skill level 10 in Fighting
 11786 | D:11     | Noticed a six-headed hydra
 11928 | D:11     | Found Zoysh's General Store.
 12038 | D:11     | HP: 5/100 [ten-headed hydra (9)]
 12038 | D:11     | Slain by a ten-headed hydra

Illustrated notes

Levels and vault maps discovered:
D:1:      dpeg_arrival_renting, layout_loops_corners,
          hellmonk_ecumenical_altar_watching_god
D:2:      layout_basic, kennysheep_small_spiral
D:3:      layout_basic
D:4:      layout_basic, elyvilon_altar_4, uniq_blork_the_orc, uniq_sigmund
D:5:      layout_basic, mainiacjoe_overflow_boulevard, old_standard_altar,
          worldfamousw_hep_ancestral_shrine, minmay_misc_feat_enclosed
D:6:      layout_cave_pools, mainiacjoe_overflow_small_starburst,
          lemuel_tele_altar, minivault_4, uniq_maggie
D:7:      layout_gridville, minmay_temple_entry_sparse_star, serial_shops,
          shop_coins, gammafunk_ghost_wrathful_warriors, minmay_shop_mayhem
D:8:      layout_gridville, kennysheep_little_box, mainiacjoe_overflow_alcove_1,
          gammafunk_ghost_abyssal_escape, special_room [special_room_orc],
          minmay_fire_ice_demons
D:9:      layout_small_grid, cheibrodos_ashenzari_chains, uniq_joseph,
          uniq_maurice
D:10:     layout_rooms, nicolae_overflow_crystal_walls, david_orc_2,
          minmay_statues_item, kennysheep_generic_room_10
D:11:     layout_roguey, minmay_lair_entry_grove, serial_shops,
          nicolae_shop_window_shopping

Skill      XL: |  1  2  3  4  5  6  7  8  9 10 11 |
---------------+----------------------------------+-----
Axes           | 3 4 5 6 7 10 12 14 15 | 15.7
Fighting       | 4 5 6 7 8 10 | 10.2
Armour         | 4 5 6 7 8 |  8.0
Dodging        | 1 2 3 4 5 |  5.2
Evocations     | 1 2 3 4 5 6 |  6.3
Shields        | 4 |  4.3
Stealth        | |  0.6

Action                   |  1- 3 |  4- 6 |  7- 9 | 10-12 || total
-------------------------+-------+-------+-------+-------++-------
Melee: War axe           |   116 |   117 |   301 |   223 ||   757
Invok: Convert to Beogh  |       |       |     1 |       ||     1
Evoke: Wand              |       |     8 |     1 |     9 ||    18
  Use: Potion            |       |     1 |     1 |     6 ||     8
       Scroll            |       |       |     5 |     9 ||    14
 Stab: Distracted        |       |       |       |     1 ||     1
Armor: Scale mail        |    61 |    36 |       |       ||    97
       Chain mail        |       |    18 |   166 |   171 ||   355
       Skin              |       |       |       |     1 ||     1
Dodge: Dodged            |    69 |    39 |   122 |   137 ||   367
Block: Buckler           |    32 |    25 |    34 |       ||    91
